Bacon, neutral female human Monk --- --.------- --- |.....|..-------- --..| --.........--...--- |...| --.........%.....| |-..| ----......%..)..---..-- --%.....--....|..-- |%.....|--.....-- |.....-- |...--- --... --.-- --------.-- |*| --.|......| |.| |.......--- |.--- --......--- |<..| |........| ---.--- --...-...| |@I.---- --.....-- ---..... --...-- |...-- ----- --.-- --- Bacon the Novice Experience level: 5 Strength: 18/01 Dexterity: 12 Constitution: 10 Intelligence: 9 Wisdom: 15 Charisma: 10 Health: 0(34) Energy: 35(35) AC: 4 Gold: 374 Moves: 1457 Your Inventory: Coins $ - 374 gold pieces Armor a - an uncursed +2 pair of leather gloves (being worn) b - an uncursed +1 robe (being worn) Comestibles g - 7 uncursed food rations t - an [uncursed] tripe ration Scrolls K - an [uncursed] scroll labeled THARR [of charging] Spellbooks c - a blessed spellbook of protection k - an uncursed spellbook of turn undead p - an uncursed spellbook of cancellation L - an uncursed spellbook of knock Potions e - a blessed potion of healing f - 2 uncursed potions of healing n - an [uncursed] ochre potion [of gain ability] o - a [cursed] fizzy potion [of invisibility] z - a [cursed] black potion [of restore ability] M - a [cursed] clear potion [of unholy water] Rings m - an uncursed ring of regeneration Tools B - an [uncursed] partly used [tallow] candle (0:71) Gems C - an [uncursed] yellow gem [worthless glass] D - an [uncursed] red gem [worthless glass] E - 2 [uncursed] black gems [black opal] Spells known in the end: Name Level Category Fail Memory a - protection 1 clerical 0% [||||||||] Your skills at the end: Fighting Skills martial arts [Basic / Grand Master] Weapon Skills Spellcasting Skills healing spells [Basic / Expert] Final Attributes: You were devoutly aligned. Hunger level was 422. Your alignment was 16 / 17. Monster difficulty range was 0 - 5. Level difficulty was 5. You were immune to sleep. You were immune to poison. You were blinded. You saw invisible. You were stealthy. You were fast. Your luck was zero. You are dead. Vanquished creatures: 4 enormous rats 2 dwarves 2 hill orcs a giant bat an acid blob a large kobold 4 giant rats 2 yellow molds 6 gnomes 3 jackals a goblin 2 grid bugs 3 lichens a kobold zombie 3 newts 36 creatures vanquished. Voluntary challenges: You were an atheist. You were vegetarian. You never hit with a wielded weapon. You read items or engraved 6 times. You put on armor 2 times. You never genocided any monsters. You never polymorphed an object. You never changed form. You used no wishes. You never wrote Elbereth's name. You never encountered a bones level. You never used any Sokoban shortcuts. Dungeon overview: The Dungeons of Doom: levels 1 to 4 Level 1 an altar, a fountain a long staircase Level 2 some fountains, a sink Level 3 a fountain Level 4 a general store, a fountain stairs to The Gnomish Mines The Gnomish Mines: Level 5 <- You were here stairs to The Dungeons of Doom History has recorded: On T:1 you entered the Dungeons of Doom to retrieve the Amulet of Yendor! On T:298 you reached level 2 of The Dungeons of Doom. On T:432 you advanced to experience level 2. On T:581 you advanced to experience level 3. On T:592 you reached level 3 of The Dungeons of Doom. On T:861 you reached level 4 of The Dungeons of Doom. On T:1090 you advanced to experience level 4. On T:1203 you advanced to experience level 5. On T:1298 you reached level 1 of The Gnomish Mines. Latest messages: M - a clear potion. You snuff out your candle. [HP+1=22] As you read the scroll, it disappears. This is an identify scroll. m - an uncursed ring of regeneration. p - an uncursed spellbook of cancellation. k - an uncursed spellbook of turn undead. L - an uncursed spellbook of knock. A cloud of darkness falls upon you. [HP+1=23] It misses. It hits! [HP-6=17] [HP+1=18] It hits! [HP-10=8] It hits! You die... Final status: Punardarsanaya Bacon the Monk... You died in The Gnomish Mines on dungeon level 5 with 1131 points, and 374 pieces of gold, after 1457 moves. You were level 5 with a maximum of 34 hit points when you died.